 Dungeon Crawl Stone Soup version 0.24-a0-218-ga595e75 (webtiles) character file.

Game seed: 9956683514058653217

67795 Azzok the Geomancer (level 15, -5/81 HPs)
             Began as an Octopode Earth Elementalist on Mar 30, 2019.
             Was a High Priest of Vehumet.
             Slain by an orc warrior
             ... wielding a +0 dire flail
             ... led by an orc knight
              (9 damage)
             ... while paralysed by an orc sorcerer
             ... on level 2 of the Orcish Mines.
             The game lasted 00:52:42 (32581 turns).

Azzok the Geomancer (Octopode Earth Elementalist)  Turns: 32581, Time: 00:52:43

Health: -5/81      AC:  3    Str: 15    XL:     15   Next: 24%
Magic:  31/31      EV:  2    Int: 23    God:    Vehumet [*****.]
Gold:   2161       SH:  0    Dex: 13    Spells: 9/39 levels left

rFire    + + .     SeeInvis +   Q - staff of air
rCold    x . .     Gourm    .   e - +1 large shield
rNeg     . . .     Faith    +   z - +0 hat of Pelut {rPois rC- MR+ Str+7}
rPois    +         Spirit   .   K - amulet of faith
rElec    +         Reflect  .   p - ring of protection from fire
rCorr    .         Harm     .   r - ring of stealth
MR       ++...                  A - ring of protection from fire
Stlth    ++++......             E - ring of see invisible
HPRegen  0.23/turn              J - +4 ring of evasion
MPRegen  0.22/turn              I - ring of flight
                                m - +2 ring of protection
                                x - ring of wizardry

@: paralysed
A: almost no armour, stealthy swim, amphibious, 8 rings, constrict 8, camouflage
1, gelatinous body 1
a: Renounce Religion, Evoke Flight


You were on level 2 of the Orcish Mines.
You worshipped Vehumet.
Vehumet was extremely pleased with you.
You were hungry.

You visited 3 branches of the dungeon, and saw 19 of its levels.
You also visited: Ossuary.

You collected 2296 gold pieces.
You spent 135 gold pieces at shops.

Inventory:

Hand Weapons
 H - a +4 dagger of draining
 O - a +2 scimitar of flaming
Missiles
 b - 195 stones (quivered)
Armour
 e - a +1 large shield (worn)
 z - the +0 hat of Pelut (worn) {rPois rC- MR+ Str+7}
   (You found it on level 7 of the Dungeon)

   It affects your strength (+7).
   It makes you vulnerable to cold.
   It protects you from poison.
   It affects your resistance to hostile enchantments.
Magical Staves
 Q - an uncursed staff of air (weapon)
Jewellery
 f - an uncursed ring of ice
 m - a +2 ring of protection (on tentacle)
 p - a ring of protection from fire (left tentacle)
 r - a ring of stealth (right tentacle)
 x - a ring of wizardry (on tentacle)
 A - a ring of protection from fire (on tentacle)
 E - a ring of see invisible (on tentacle)
 I - a ring of flight (on tentacle)
 J - a +4 ring of evasion (on tentacle)
 K - an amulet of faith (around mantle)
Wands
 k - a wand of digging (9)
 s - a wand of enslavement (11)
 w - a wand of acid (8)
 B - a wand of iceblast (12)
 C - a wand of random effects (34)
 L - a wand of polymorph (9)
 M - a wand of flame (19)
 S - a wand of paralysis (11)
Scrolls
 o - a scroll of fog
 q - 6 scrolls of remove curse
 y - 6 scrolls of magic mapping
 D - 4 scrolls of blinking
 F - 5 scrolls of identify
 P - 4 scrolls of enchant weapon
 R - a scroll of amnesia
Potions
 a - 3 potions of mutation {!q}
 d - 5 potions of brilliance
 g - 2 potions of ambrosia {unknown}
 h - 3 potions of might {unknown}
 i - 2 potions of cancellation
 j - 4 potions of lignification
 l - a potion of resistance {unknown}
 n - 2 potions of magic {unknown}
 t - a potion of heal wounds {unknown}
 u - 4 potions of haste {unknown}
 v - 2 potions of flight
 N - 2 potions of curing
 U - a potion of agility {unknown}
Miscellaneous
 G - a lamp of fire (inert)
 T - a phial of floods
 V - a box of beasts
Comestibles
 c - 25 rations


   Skills:
 - Level 2.0 Dodging
 - Level 2.6 Stealth
 + Level 11.2 Shields
 + Level 12.7 Spellcasting
 + Level 13.3 Conjurations
 - Level 1.0 Transmutations
 + Level 13.8 Earth Magic
 - Level 5.0 Poison Magic
 + Level 1.2 Evocations


You had 9 spell levels left.
You knew the following spells:

 Your Spells              Type           Power        Failure   Level  Hunger
a - Sandblast             Erth           ######       1%          1    None
b - Stone Arrow           Conj/Erth      ######       1%          3    None
c - Petrify               Tmut/Erth      #####...     4%          4    None
d - Lee's Rapid Deconstr  Erth           ######....   1%          5    ###....
e - Poison Arrow          Conj/Pois      ######....   10%         6    #####..
f - Iron Shot             Conj/Erth      ######....   1%          6    #####..
g - Borgnjor's Vile Clut  Necr/Erth      #####.....   16%         5    ###....

Your spell library contained the following spells:

 Spells                   Type           Power        Failure   Level  Hunger
 Bolt of Fire             Conj/Fire      #####.....   24%         6    #####..
 Flame Tongue             Conj/Fire      #####        1%          1    None
 Shock                    Conj/Air       ####         1%          1    None
 Sting                    Conj/Pois      ####         1%          1    None
 Passwall                 Tmut/Erth      #####...     1%          2    None
 Searing Ray              Conj           ######       1%          2    None
 Dazzling Spray           Conj/Hex       #####.       1%          3    None
 Mephitic Cloud           Conj/Pois/Air  ######..     1%          3    None
 Venom Bolt               Conj/Pois      ######....   1%          5    ###....
 Bolt of Magma            Conj/Fire/Erth ######....   2%          5    ###....
 Ignite Poison            Fire/Tmut/Pois ###.....     4%          3    None
 Olgreb's Toxic Radiance  Pois           #####...     4%          4    None
 Irradiate                Conj/Tmut      #####.....   4%          5    ###....
 Bolt of Draining         Conj/Necr      #####.....   5%          5    ###....
 Iskenderun's Battlesphe  Conj/Chrm      #####...     5%          5    ###....
 Poisonous Vapours        Pois/Air       #####.       6%          2    None
 Orb of Destruction       Conj           ######....   10%         7    ######.
 Animate Skeleton         Necr           N/A          11%         1    None
 Apportation              Tloc           ##....       11%         1    None
 Confusing Touch          Hex            ##....       11%         1    None
 Corona                   Hex            ##.....      11%         1    None
 Summon Small Mammal      Summ           ##..         11%         1    None
 Call Imp                 Summ           ##......     16%         2    None
 Ensorcelled Hibernation  Hex/Ice        ##....       16%         2    None
 Sublimation of Blood     Necr           ##........   16%         2    None
 Call Canine Familiar     Summ           ##......     28%         3    None
 Confuse                  Hex            ##......     28%         3    None
 Summon Guardian Golem    Hex/Summ       ##......     28%         3    None
 Tukima's Dance           Hex            ##......     28%         3    None
 Yara's Violent Unravell  Hex/Tmut       ###.......   45%         5    ###....
 Freezing Cloud           Conj/Ice/Air   ######....   47%         6    #####..
 Alistair's Intoxication  Tmut/Pois      ####....     58%         5    ###....
 Cause Fear               Hex            ##........   65%         4    None
 Summon Ice Beast         Ice/Summ       ##......     65%         4    None
 Summon Lightning Spire   Summ/Air       ###.....     65%         4    None
 Spellforged Servitor     Conj/Summ      #####.....   73%         7    ######.
 Silence                  Hex/Air        ###.......   93%         5    ###....
 Deflect Missiles         Chrm/Air       ###.......   100%        6    #####..
 Haunt                    Necr/Summ      ##........   100%        7    ######.
 Borgnjor's Revivificati  Necr           ##........   100%        8    #######
 Death's Door             Chrm/Necr      ##........   100%        8    #######
 Discord                  Hex            ##........   100%        8    #######
 Infestation              Necr           ##........   100%        8    #######
 Necromutation            Tmut/Necr      ###.......   100%        8    #######


Dungeon Overview and Level Annotations

Branches:
Dungeon (11/15)            Temple (0/1) D:4            Lair (6/6) D:11
 Shoals (0/4) Lair:3        Snake (0/4) Lair:3        Slime (0/5) Lair:5
    Orc (2/2) D:10            Elf (0/3) Orc:2

Altars:
Cheibriados
Elyvilon
Fedhas
Gozag
Hepliaklqana
Kikubaaqudgha
Okawaru
Uskayaw
Vehumet
Xom
Zin
Beogh
Jiyva

Shops:
D:5 [(*%

Portals:
Trove: D:10 (give 21 scrolls of identify)

Annotations:
D:5 2 transporters, jerryfan's ghost, amateur GrWn
D:6 3 runed translucent doors, Borgoz's ghost, novice GrGl
D:7 2 transporters, Thaneod's ghost, novice DEFE
Lair:5 1 runed translucent door, tilp's ghost, journeyman TrMo


Innate Abilities, Weirdness & Mutations

You cannot wear most types of armour.
You are very stealthy in the water. (Stealth+)
You are amphibious.
You can wear up to eight rings at the same time.
You can use your tentacles to constrict eight enemies at once.
Your skin changes colour to match your surroundings (Stealth+).
Your rubbery body absorbs attacks. (AC +1, EV +1)


Message History

You suddenly lose the ability to move!
The centaur barely misses you.
The orc shoots a bolt.
The bolt barely misses you. The centaur barely misses you.
The orc sorcerer points at you and mumbles some strange words.
You resist with almost no effort.
The orc warrior hits you but does no damage.
The centaur hits you.
The orc shoots a bolt.
The bolt hits you.
The orc warrior shoots a bolt.
The bolt hits you. The centaur hits you.
The orc warrior hits you with a +0 dire flail!!
The orc warrior shoots a bolt.
The bolt hits you!!
* * * LOW HITPOINT WARNING * * *
The orc hits you from afar with a +0 trident.
* * * LOW HITPOINT WARNING * * *
The centaur hits you.
* * * LOW HITPOINT WARNING * * *
The orc warrior hits you with a +0 short sword!
* * * LOW HITPOINT WARNING * * *
The orc warrior hits you with a +0 dire flail!
You die...

···············
····)··$················
··)············▒········
················o·······
················(···(··$
··>····$····$···········
···················(····
························
c···············@o······
············▒o·c)o······
···(·····▒···▒o·········
·····(········▒·))······
······(······▒▒▒········
····▒(·········o········
·····▒··(·(····oo·······
·$···▒····▒▒)·▒▒··▒▒···▒
·········▒▒ ····


You could see an orc sorcerer, 5 orc warriors, a centaur and 2 orcs.

Vanquished Creatures
  2 orc warlords (Orc:1)
  Snorg (Lair:5)
  Fannar (D:10)
  5 hydras
  5 two-headed ogres
  A centaur warrior (Orc:2)
  3 death yaks
  Erica (Lair:2)
  An orc high priest (Orc:1)
  Sonja (Lair:2)
  An unseen horror (D:11)
  Pikel (D:9)
  3 orc sorcerers (Orc:1)
  An ugly thing (D:11)
  2 cyclopes
  5 orc knights
  17 elephants
  A guardian serpent (D:9)
  An ice statue (Lair:4)
  A merfolk siren (Lair:3)
  6 black mambas
  15 spiny frogs
  3 torpor snails (Lair:5)
  3 rime drakes (Lair:3)
  An ice devil (Lair:4)
  6 komodo dragons
  5 trolls
  4 hornets (Lair:6)
  6 polar bears
  A meliai (shapeshifter) (D:10)
  5 hippogriffs
  8 blink frogs (Lair:5)
  7 dream sheep
  3 wyverns
  A shadow (D:11)
  42 yaks
  12 spriggans
  2 basilisks
  4 hungry ghosts
  3 nagas (Lair:3)
  4 wargs (Orc:1)
  9 water moccasins
  17 porcupines
  21 orc warriors
  8 ice beasts
  3 sky beasts
  2 slaves (D:9)
  4 black bears
  19 wolves (Lair:6)
  12 ogres
  4 boggarts (Lair:6)
  2 phantoms
  6 centaurs
  14 crocodiles
  8 bullfrogs
  A big kobold (D:11)
  2 water moccasin zombies (Ossuary)
  2 scorpions
  7 killer bees
  A troll zombie (D:10)
  3 howler monkeys
  3 centaur zombies
  5 crimson imps
  3 jellies
  A centaur skeleton (D:4)
  8 orc priests
  3 bullfrog skeletons
  Jessica (D:3)
  5 hell rats
  11 orc wizards
  4 iguanas
  8 worker ants
  5 ogre zombies (D:10)
  A big kobold zombie (Ossuary)
  A hound zombie (D:11)
  2 mummies (Ossuary)
  4 gnolls (D:8)
  12 adders
  2 shadow imps
  A white imp (Lair:4)
  4 oozes
  6 adder zombies (Ossuary)
  A worm (D:2)
  An adder skeleton (D:6)
  A dart slug (D:1)
  6 leopard geckos
  66 orcs
  8 bats
  A giant cockroach (D:4)
  5 gnoll zombies (Ossuary)
  9 hobgoblins
  12 jackals
  11 kobolds
  9 quokkas
  6 frilled lizards
  4 goblins
  3 goblin skeletons (D:10)
  3 goblin zombies (D:10)
  10 hobgoblin zombies
  8 kobold zombies (Ossuary)
  12 orc zombies
  10 rats
  2 plants (Lair:2)
618 creatures vanquished.

Vanquished Creatures (others)
  A bush (Lair:2)
  28 fungi
  23 plants
52 creatures vanquished.

Grand Total: 670 creatures vanquished

Notes
Turn   | Place    | Note
-------+----------+-------------------------------------------
     0 | D:1      | Azzok the Octopode Earth Elementalist began the quest for
                  | the Orb.
     0 | D:1      | Reached XP level 1. HP: 11/11 MP: 3/3
    82 | D:1      | Reached XP level 2. HP: 11/17 MP: 3/5
   801 | D:1      | Reached XP level 3. HP: 21/21 MP: 6/6
  1375 | D:2      | Learned a level 3 spell: Stone Arrow
  1696 | D:2      | Found a faded altar of an unknown god.
  1742 | D:2      | Reached XP level 4. HP: 17/27 MP: 1/8
  1853 | D:2      | Found an opulent altar of Gozag.
  2441 | D:2      | Reached skill level 1 in Conjurations
  2909 | D:3      | Found a radiant altar of Vehumet.
  2951 | D:3      | Noticed Jessica
  2984 | D:3      | Became a worshipper of Vehumet
  3288 | D:3      | Reached XP level 5. HP: 31/31 MP: 5/10
  3535 | D:3      | Killed Jessica
  4008 | D:4      | Found an iron altar of Okawaru.
  4300 | D:4      | Found a shimmering altar of Xom.
  4323 | D:4      | Reached XP level 6. HP: 36/36 MP: 4/11
  4326 | D:4      | Noticed a phantom
  4385 | D:4      | Learned a level 4 spell: Petrify
  4421 | D:4      | Killed a phantom
  4421 | D:4      | Reached * piety under Vehumet
  4421 | D:4      | Offered knowledge of Magic Dart by Vehumet.
  4485 | D:4      | Found a staircase to the Ecumenical Temple.
  4538 | D:4      | Reached skill level 5 in Earth Magic
  4623 | D:4      | Found a hazy altar of Hepliaklqana.
  4978 | D:5      | Entered Level 5 of the Dungeon
  5191 | D:5      | Found Eggaffot's Food Shop.
  5212 | D:5      | Noticed a +0 hand axe
  5213 | D:5      | Noticed a +0 hand axe
  5215 | D:5      | Found a hide-covered altar of Uskayaw.
  5376 | D:5      | Reached XP level 7. HP: 41/41 MP: 3/13
  5483 | D:5      | Found a transporter.
  5486 | D:5      | Found Kufef's Assorted Antiques.
  5495 | D:5      | Bought a shiny sapphire ring for 135 gold pieces
  5516 | D:5      | Found a transporter.
  5517 | D:5      | Found Fezoe's Weapon Shop.
  5517 | D:5      | Noticed jerryfan's ghost (amateur GrWn)
  5562 | D:5      | Found Qamakk's Antique Armour Emporium.
  6005 | D:6      | Noticed Borgoz's ghost (novice GrGl)
  6168 | D:6      | Found a sand-covered staircase.
  6173 | Ossuary  | Entered an ossuary
  6331 | Ossuary  | Reached skill level 5 in Spellcasting
  6534 | Ossuary  | Reached XP level 8. HP: 37/46 MP: 3/15
  6678 | Ossuary  | Reached ** piety under Vehumet
  6734 | Ossuary  | Offered knowledge of Throw Frost by Vehumet.
  7101 | D:6      | Found a runed translucent gate.
  7102 | D:6      | Found a runed translucent gate.
  7103 | D:6      | Found a runed translucent gate.
  7421 | D:6      | Learned a level 5 spell: Lee's Rapid Deconstruction
  7444 | D:7      | Reached skill level 5 in Conjurations
  7710 | D:7      | Found a transporter.
  7714 | D:7      | Noticed Thaneod's ghost (novice DEFE)
  7715 | D:7      | Got a spiked hat
  7716 | D:7      | Identified the +0 hat of Pelut {rPois rC- MR+ Str+7} (You
                  | found it on level 7 of the Dungeon)
  7748 | D:7      | Found a transporter.
  7987 | D:7      | Found a glowing silver altar of Zin.
  7993 | D:7      | Found an ancient bone altar of Kikubaaqudgha.
  7996 | D:7      | Found a white marble altar of Elyvilon.
  8115 | D:8      | Noticed a two-headed ogre
  8119 | D:8      | Killed a two-headed ogre
  8119 | D:8      | Reached XP level 9. HP: 51/51 MP: 11/19
  8238 | D:8      | Noticed a two-headed ogre
  8813 | D:8      | Offered knowledge of Mephitic Cloud by Vehumet.
  9452 | D:8      | Reached *** piety under Vehumet
  9824 | D:8      | Killed a two-headed ogre
  9824 | D:8      | Reached XP level 10. HP: 17/56 MP: 8/21
 10276 | D:9      | Found the +5 robe of Night {Dark MR+ SInv}
 10292 | D:9      | Reached skill level 1 in Shields
 10538 | D:9      | Noticed a guardian serpent
 10547 | D:9      | Killed a guardian serpent
 10976 | D:9      | Noticed Pikel
 10984 | D:9      | Killed Pikel
 11236 | D:9      | Offered knowledge of Force Lance by Vehumet.
 11568 | D:10     | Entered Level 10 of the Dungeon
 11717 | D:10     | Noticed a two-headed ogre
 11722 | D:10     | Killed a two-headed ogre
 11722 | D:10     | Reached XP level 11. HP: 61/61 MP: 9/23
 11937 | D:10     | Noticed Fannar
 11958 | D:10     | Killed Fannar
 11958 | D:10     | Reached skill level 10 in Earth Magic
 12334 | D:10     | Reached **** piety under Vehumet
 12727 | D:10     | Offered knowledge of Inner Flame by Vehumet.
 12732 | D:10     | Found a staircase to the Orcish Mines.
 13543 | D:10     | Found a portal to a secret trove of treasure.
 13678 | D:10     | Identified 2 scrolls of acquirement
 13862 | D:11     | Noticed a cyclops
 13867 | D:11     | Killed a cyclops
 13867 | D:11     | Reached skill level 5 in Shields
 14040 | D:11     | Noticed a five-headed hydra
 14048 | D:11     | Killed a five-headed hydra
 14361 | D:11     | Noticed a two-headed ogre
 14399 | D:11     | Killed a two-headed ogre
 14445 | D:11     | Noticed a brown ugly thing
 14451 | D:11     | Killed a brown ugly thing
 14567 | D:11     | Noticed a death yak
 14568 | D:11     | Noticed a death yak
 14676 | Orc:1    | Entered Level 1 of the Orcish Mines
 14693 | Orc:1    | Reached skill level 10 in Conjurations
 15283 | Orc:1    | Noticed an orc knight
 15294 | Orc:1    | Killed an orc knight
 15294 | Orc:1    | Reached XP level 12. HP: 66/66 MP: 3/25
 15433 | Orc:1    | Noticed an orc high priest
 15445 | Orc:1    | Noticed a sun demon
 15537 | Orc:1    | Reached ***** piety under Vehumet
 15537 | Orc:1    | Offered knowledge of Bolt of Cold by Vehumet.
 15542 | Orc:1    | Noticed a sun demon
 15543 | Orc:1    | Killed an orc high priest
 15543 | Orc:1    | Reached skill level 10 in Spellcasting
 15961 | Orc:1    | Noticed an orc warlord
 16898 | Orc:1    | Identified the +2 halberd "Faffar" {speed, +Fly Str-2 SInv
                  | Stlth+}
 17064 | Orc:1    | Noticed an orc warlord
 17316 | D:11     | Noticed a two-headed ogre
 17322 | D:11     | Killed a two-headed ogre
 17373 | D:11     | Noticed a death yak
 17391 | D:10     | Killed a death yak
 17713 | D:11     | Found a staircase to the Lair.
 17726 | D:10     | Killed a death yak
 18354 | D:11     | Found a blossoming altar of Fedhas.
 18384 | D:11     | Killed a death yak
 18900 | Lair:1   | Entered Level 1 of the Lair of Beasts
 18979 | Lair:1   | Offered knowledge of Fulminant Prism by Vehumet.
 19152 | Lair:1   | Reached XP level 13. HP: 71/71 MP: 11/27
 20342 | Lair:2   | Noticed Erica
 20350 | Lair:2   | Killed Erica
 20784 | Lair:2   | Noticed Sonja
 20787 | Lair:2   | Killed Sonja
 21770 | Lair:3   | Found a staircase to the Snake Pit.
 22876 | Lair:3   | Found a staircase to the Shoals.
 23649 | Lair:4   | Offered knowledge of Poison Arrow by Vehumet.
 23690 | Lair:4   | Learned a level 6 spell: Poison Arrow
 24010 | Lair:4   | Reached skill level 1 in Poison Magic
 24256 | Lair:4   | Reached XP level 14. HP: 51/76 MP: 14/29
 25608 | Lair:4   | Reached skill level 10 in Shields
 25778 | Lair:4   | Identified Xuubeen's Reference Book on Dusty Confrontation
 26318 | Lair:5   | Noticed tilp's ghost (journeyman TrMo)
 27131 | Lair:5   | Found a snail-covered altar of Cheibriados.
 27189 | Lair:5   | Found a runed translucent door.
 27240 | Lair:5   | Noticed Snorg
 27492 | Lair:5   | Found a viscous altar of Jiyva.
 27493 | Lair:5   | Found a staircase to the Slime Pits.
 27565 | Lair:5   | Killed Snorg
 27890 | Lair:5   | Learned a level 6 spell: Iron Shot
 27896 | Lair:5   | Learned a level 5 spell: Borgnjor's Vile Clutch
 27904 | Lair:6   | Entered Level 6 of the Lair of Beasts
 28141 | Lair:6   | Reached skill level 5 in Poison Magic
 28751 | Lair:6   | Offered knowledge of Ozocubu's Refrigeration by Vehumet.
 29828 | Lair:6   | Reached XP level 15. HP: 81/81 MP: 18/31
 30957 | Orc:1    | Killed an orc warlord
 31094 | Orc:1    | Killed an orc warlord
 31417 | Orc:1    | Found a roughly hewn altar of Beogh.
 31616 | Orc:2    | Entered Level 2 of the Orcish Mines
 31616 | Orc:2    | Found a staircase to the Elven Halls.
 31849 | Orc:2    | Reached skill level 1 in Evocations
 32178 | Orc:1    | Offered knowledge of Bolt of Fire by Vehumet.
 32577 | Orc:2    | Paralysed by an orc sorcerer for 7 turns
 32580 | Orc:2    | HP: 4/81 [orc warrior/+0 short sword (7)]
 32581 | Orc:2    | Slain by an orc warrior

Levels and vault maps discovered:
D:1:      saegor_arrival_miasma, layout_rooms
D:2:      minmay_recursive_quarters, layout_loops_ring,
          chequers_ecumenical_altar_island, kennysheep_nub,
          nicolae_gozag_seed_capital
D:3:      layout_loops_ring, vehumet_crystals, uniq_jessica
D:4:      layout_loops_cross, okawaru_metal_pillars_1_2, xom_teletrap_fun,
          temple_statues, first_ration, minmay_ruined_shrine
D:5:      layout_basic, dancing_weapons_uskayaw, serial_shops,
          nicolae_shop_waterfront, shop, shop, shop, gammafunk_ghost_hive
D:6:      layout_basic, gammafunk_ghost_icy, enter_ossuary_2,
          grunt_decor_mini_mirrors
D:7:      layout_rooms, minmay_overflow_temple_star_quad, gammafunk_ghost_arena
D:8:      layout_loops_corners
D:9:      layout_basic, the_bakery, nrook_guardian_serpent_double, uniq_pikel
D:10:     layout_loops_ring, zombieorc1_lemuel, enter_trove_6,
          corexii_checkpoint_a, minmay_misc_feat_cross, uniq_fannar
D:11:     layout_rooms, dpeg_lair_monsters, fedhas_altar_1
Lair:1:   layout_chaotic_city, serial_bayou_shore_b
Lair:2:   layout_roguey, uniq_sonja, uniq_erica
Lair:3:   layout_roguey, elwin_shoals_entry_rooms, guppyfry_snake_entry_island,
          portal_ice_cave_rime, beast_lair_carwin_2
Lair:4:   beast_lair_carwin_large_3, layout_gridlike, ice2_lemuel
Lair:5:   layout_gridlike, slime_altar_1, hellmonk_ghost_happy_afterlife,
          kennysheep_snail_temple, uniq_snorg
Lair:6:   minmay_lair_end_enchanted_forest, layout_loops_ring,
          patterned_corridor
Orc:1:    layout_caves, basic_altar, minmay_orc_treasury
Orc:2:    st_orc_rangers, layout_caves
Ossuary:  ossuary_tomb_2

Skill      XL: |  1  2  3  4  5  6  7  8  9 10 11 12 13 14 15 |
---------------+----------------------------------------------+-----
Spellcasting   | 3 4 5 6 7 8 9 10 11 12 | 12.7
Earth Magic    | 4 5 6 7 8 9 10 11 12 13 | 13.8
Conjurations   | 1 2 3 4 6 7 8 10 11 12 13 | 13.3
Shields        | 3 6 8 9 10 11 | 11.2
Poison Magic   | 1 5 |  5.0
Evocations     | 1 |  1.2
Dodging        | |  2.0
Stealth        | |  2.6
Transmutations | |  1.0

Action                   |  1- 3 |  4- 6 |  7- 9 | 10-12 | 13-15 || total
-------------------------+-------+-------+-------+-------+-------++-------
Melee: Unarmed           |    57 |       |       |       |       ||    57
       Constrict         |    17 |    12 |     5 |     3 |       ||    37
       Tentacles         |    14 |     8 |     3 |     4 |       ||    29
       Long sword        |     7 |    37 |     8 |       |       ||    52
       Dagger            |       |       |     3 |    16 |       ||    19
       Scimitar          |       |       |       |       |     1 ||     1
 Cast: Sandblast         |    28 |    25 |   104 |    76 |   257 ||   490
       Stone Arrow       |       |    32 |    64 |   315 |   415 ||   826
       Lee's Rapid Decon |       |       |       |    25 |    38 ||    63
       Petrify           |       |       |       |       |     1 ||     1
       Poison Arrow      |       |       |       |       |     6 ||     6
       Iron Shot         |       |       |       |       |     6 ||     6
Evoke: Lamp of fire      |       |       |       |       |     2 ||     2
       Wand              |       |       |       |       |     9 ||     9
  Use: Scroll            |       |     6 |     6 |     9 |     6 ||    27
 Stab: Sleeping          |     7 |     5 |     1 |       |       ||    13
  Eat: Chunk             |     2 |    14 |     6 |    22 |    32 ||    76
       Ration            |       |       |     3 |     3 |     5 ||    11
Armor: Skin              |     5 |     5 |     3 |     2 |    13 ||    28
Dodge: Dodged            |    47 |    29 |    38 |    64 |   103 ||   281
Block: Large shield      |       |       |       |    55 |   255 ||   310
       Rpst.: Long sword |     2 |    13 |     6 |       |       ||    21
       Scimitar          |       |       |       |       |     6 ||     6

Table legend:
 A = Non-vault XP
 B = Vault XP
 C = Vault XP percentage of total XP
 D = Non-vault monster count
 E = Vault monster count
 F = Vault count percentage of total count
                 A         B        C        D         E       F
            +---------+---------+-------+---------+---------+-------
      Total |   56595 |   40255 |  41.6 |     388 |     226 |  36.8
            +---------+---------+-------+---------+---------+-------
        D:1 |      36 |       0 |   0.0 |      18 |       0 |   0.0
        D:2 |      88 |       9 |   9.3 |      23 |       5 |  17.9
        D:3 |      57 |      37 |  39.4 |      18 |       1 |   5.3
        D:4 |      91 |     165 |  64.5 |      12 |       6 |  33.3
        D:5 |     329 |       0 |   0.0 |      11 |       0 |   0.0
        D:6 |     490 |       0 |   0.0 |      12 |       0 |   0.0
        D:7 |     540 |       0 |   0.0 |       5 |       0 |   0.0
        D:8 |    3100 |       0 |   0.0 |      32 |       0 |   0.0
        D:9 |    1513 |    1348 |  47.1 |      24 |       3 |  11.1
       D:10 |    3179 |    4192 |  56.9 |      24 |      37 |  60.7
       D:11 |    7441 |     910 |  10.9 |      36 |       3 |   7.7
     Lair:1 |    2203 |       0 |   0.0 |      10 |       0 |   0.0
     Lair:2 |    5106 |    1685 |  24.8 |      24 |       2 |   7.7
     Lair:3 |    6676 |    3012 |  31.1 |      28 |      10 |  26.3
     Lair:4 |    5635 |    7908 |  58.4 |      21 |      22 |  51.2
     Lair:5 |    8872 |    2378 |  21.1 |      26 |       4 |  13.3
     Lair:6 |    5623 |    8515 |  60.2 |      26 |      47 |  64.4
      Orc:1 |    5191 |    8191 |  61.2 |      32 |      43 |  57.3
      Orc:2 |     425 |    1627 |  79.3 |       6 |      10 |  62.5
    Ossuary |       0 |     278 | 100.0 |       0 |      33 | 100.0
            +---------+---------+-------+---------+---------+-------
